 Dungeon Crawl Stone Soup version 0.29.0-11-gd7f09526c8 (webtiles) character file.

Game seed: 6479434824154733514

8018 Zeldest the Zephyrmancer (level 11, -12/74 HPs)
             Began as a Pale Draconian Air Elementalist on Sept 5, 2022.
             Was a Follower of Yredelemnul.
             Mangled by a yak (30 damage)
             ... on level 1 of the Lair of Beasts.
             The game lasted 00:26:10 (11558 turns).

Zeldest the Zephyrmancer (DrAE)                    Turns: 11558, Time: 00:26:10

Health: -12/74     AC: 15    Str: 10    XL:     11   Next: 4%
Magic:  22/23      EV:  2    Int: 20    God:    Yredelemnul [*.....]
Gold:   121        SH:  0    Dex: 15    Spells: 7/26 levels left

rFire   + . .      SeeInvis .   h - +2 short sword (elec)
rCold   . . .      Faith    .   (no shield)
rNeg    . . .      Spirit   .   (body armour unavailable)
rPois   .          Reflect  .   z - +1 hat
rElec   .          Harm     .   (no cloak)
rCorr   .          Rampage  .   o - +0 pair of gloves
Will    .....                   t - +1 pair of boots
Stlth   ++........              L - amulet of Tuyczahi {Acrobat Dex+3}
HPRegen 0.22/turn               s - ring of protection from fire
MPRegen 0.18/turn               E - +4 ring of protection

@: sleeping, studying Shields
A: breathe steam, AC +7, unfitting armour, cold-blooded, steam resistance
a: Breathe Steam, Renounce Religion, Recall Undead Harvest


You were on level 1 of the Lair of Beasts.
You worshipped Yredelemnul.
Yredelemnul was aware of your devotion.
You visited 3 branches of the dungeon, and saw 11 of its levels.
You also visited: Bailey.

You collected 649 gold pieces.
You spent 528 gold pieces at shops.

Inventory:

Hand Weapons
 h - a +2 short sword of electrocution (weapon)
Missiles
 A - 2 throwing nets
Armour
 o - a +0 pair of gloves (worn)
 t - a +1 pair of boots (worn)
 z - a +1 hat (worn)
Jewellery
 s - a ring of protection from fire (left hand)
 E - a +4 ring of protection (right hand)
 L - the amulet of Tuyczahi (around neck) {Acrobat Dex+3}
   (You took it off a kobold in a bailey)

   [amulet of the acrobat]

   It increases your evasion while moving and waiting.
   Dex:       It affects your dexterity (+3).
Wands
 C - a wand of flame (5)
 K - a wand of acid (6)
 M - a wand of iceblast (9)
Scrolls
 f - 3 scrolls of enchant armour {unknown}
 g - 8 scrolls of identify {unknown}
 i - a scroll of vulnerability {unknown}
 j - a scroll of immolation {unknown}
 k - 4 scrolls of blinking {unknown}
 l - 2 scrolls of magic mapping {unknown}
 n - a scroll of fog {unknown}
 w - 2 scrolls of enchant weapon {unknown}
 x - 2 scrolls of poison {unknown}
 y - a scroll of amnesia {unknown}
 F - 2 scrolls of noise {unknown}
 G - a scroll of torment {unknown}
 J - 2 scrolls of teleportation {unknown}
Potions
 a - 2 potions of magic
 b - 3 potions of heal wounds {unknown}
 c - a potion of attraction {unknown}
 d - 2 potions of flight {unknown}
 e - 2 potions of ambrosia
 m - 3 potions of cancellation {unknown}
 p - 4 potions of curing {unknown}
 q - a potion of berserk rage {unknown}
 r - 3 potions of degeneration {unknown}
 u - 2 potions of brilliance {unknown}
 v - 2 potions of might {unknown}
 B - a potion of invisibility {unknown}
 D - 3 potions of haste {unknown}
 I - a potion of experience {unknown}


   Skills:
 - Level 1.7 Dodging
 - Level 1.7 Stealth
 - Level 8.0 Spellcasting
 - Level 4.2 Conjurations
 * Level 13.3 Air Magic
 + Level 8.6 Invocations


You had 7 spell levels left.
You knew the following spells:

 Your Spells              Type           Power      Damage    Failure   Level
a - Shock                 Conj/Air       100%       1d9       1%          1
b - Lightning Bolt        Conj/Air       21%        1d36      6%          5
c - Swiftness             Air            57%        N/A       1%          3
d - Maxwell's Capacitive  Air            28%        ∞         93%         8
f - Static Discharge      Conj/Air       43%        3-9/arc   1%          2

Your spell library contained the following spells:

 Spells                   Type           Power      Damage    Failure   Level
 Magic Dart               Conj           100%       1d8       1%          1
 Airstrike                Air            28%        2d(5-21)  1%          4
 Stone Arrow              Conj/Erth      32%        3d9       11%         3
 Sublimation of Blood     Necr           8%         N/A       13%         2
 Wereblood                Tmut           8%         N/A       13%         2
 Silence                  Hex/Air        17%        N/A       16%         5
 Confusing Touch          Hex            8%         N/A       26%         3
 Gell's Gravitas          Tloc           8%         N/A       26%         3
 Lesser Beckoning         Tloc           8%         N/A       26%         3
 Teleport Other           Tloc           8%         N/A       26%         3
 Passage of Golubria      Tloc           8%         N/A       63%         4
 Yara's Violent Unravell  Hex/Tmut       4%         3d4       93%         5
 Enfeeble                 Hex            4%         N/A       100%        7
 Summon Hydra             Summ           4%         N/A       100%        7
 Lehudib's Crystal Spear  Conj/Erth      8%         10d3      100%        8
 Death's Door             Necr           4%         N/A       100%        9


Dungeon Overview and Level Annotations

Branches:
Dungeon (9/15)             Temple (0/1) D:5            Lair (1/5) D:8
    Orc (1/2) D:9          Bailey (visited)

Altars:
Ashenzari
Cheibriados
Dithmenos
Okawaru
Qazlal
Ru
Uskayaw
Yredelemnul

Shops:
D:5 :=[

Portals:
Abyss: D:3

Annotations:
D:3 2 transporters, greasedhog's ghost, amateur TrFi
D:9 2 transporters, Sobieck's ghost, journeyman KoEE


Innate Abilities, Weirdness & Mutations

You can breathe blasts of scalding, opaque steam.
Your pale cyan-grey scales are hard. (AC +7)
You cannot fit into any form of body armour.
You are cold-blooded and may be slowed by cold attacks.
You are immune to the effects of steam.


Message History

Your yak zombie is destroyed!
The dream sheep bites you but does no damage.
The yak is engulfed in a cloud of scalding steam.
The yak gores your yak zombie.
Your yak zombie gores the yak!
The yak dies!
The dead are walking!
Training target 8.0 for Spellcasting reached!
Your Spellcasting skill increases to level 8!
You barely miss the dream sheep.
The dream sheep is moderately wounded.
The yak barely misses your yak zombie. The dream sheep closely misses you.
The dream sheep is engulfed in a cloud of scalding steam.
The yak gores your yak zombie.
The dream sheep is engulfed in a cloud of scalding steam.
Your yak zombie gores the dream sheep.
Your yak zombie closely misses the yak.
You closely miss the dream sheep.
Your tail-slap misses the dream sheep.
The dream sheep is heavily wounded.
The yak completely misses your yak zombie.
The yak gores your yak zombie!
Your yak zombie is destroyed!
The dream sheep bites you but does no damage.
Your yak zombie gores the yak.
Your yak zombie gores the dream sheep.
The yak gores your yak zombie!!
Your yak zombie is destroyed!
The dream sheep bites you but does no damage.
The yak attacks as you move away! The yak gores you.
The dream sheep attacks as you move away!
The dream sheep bites you!
* * * LOW HITPOINT WARNING * * *
The dream sheep shake their wool and sparkle.
You feel drowsy...
You fall asleep.
The dream sheep bites your yak zombie! The yak gores your yak zombie!
You have got your breath back.
Your yak zombie gores the yak!
The dream sheep bites your yak zombie!
Your yak zombie is destroyed!
Your yak zombie gores the dream sheep.
The dream sheep barely misses your yak zombie.
The yak gores you!!
You die...
Your body rises from the dead as a mindless zombie.

. #######
.##.#.#.##
........# .
##.#.#.##
....#..Z.>..#
.....#Y#.#.##
..†.YYYY@...#
....##.#.#.## .
#..Y....## ##
.##.#.#.#.##P#####
..................
..#.#.#.#.........
...................
...#.#.#.#.........
..................


You could see 3 yaks, 3 dream sheep and a friendly yak zombie.

Vanquished Creatures
  A two-headed ogre (D:9)
  2 komodo dragons
  A dream sheep (Lair:1)
  Sigmund (D:4)
  5 yaks (Lair:1)
  2 acid dragons
  3 water moccasins (D:8)
  A black bear (D:7)
  10 orc warriors
  An ogre (D:5)
  2 phantoms
  3 centaurs
  7 kobold brigands
  7 bullfrogs
  A necrophage (D:5)
  4 scorpions
  8 wights
  An electric eel (Lair:1)
  3 orc priests
  6 hounds
  4 jellies
  Jessica (D:2)
  6 iguanas
  Natasha (D:2)
  7 orc wizards
  18 gnolls
  4 adders
  2 white imps
  3 ufetubi
  An adder zombie (D:4)
  A dart slug (D:2)
  12 orcs
  5 bats
  6 endoplasms
  2 giant cockroaches
  A gnoll zombie (D:6)
  11 goblins
  9 hobgoblins
  20 kobolds
  5 quokkas
  5 ball pythons
  A kobold zombie (Bailey)
  An orc zombie (Orc:1)
  3 rats
198 creatures vanquished.

Vanquished Creatures (collateral kills)
  A polar bear (Lair:1)
  2 yaks (Lair:1)
  A black bear (D:4)
  A centaur (D:8)
  2 bullfrogs
  2 necrophages
  A scorpion (D:5)
  An iguana (D:4)
  2 adders (D:5)
  An ufetubus (D:5)
  2 orcs
  2 goblins
18 creatures vanquished.

Vanquished Creatures (others)
  A water moccasin zombie (D:8)
  4 yak zombies (Lair:1)
  2 centaur zombies
  2 bullfrog zombies
  A hound zombie (D:4)
  4 orc zombies
  A jelly zombie (D:6)
  A spectral white imp (D:6)
  A gnoll zombie (D:6)
  A ball python zombie (D:4)
  3 kobold zombies
  A spectral ufetubus (D:6)
  36 fungi (D:8)
  49 plants (D:8)
107 creatures vanquished.

Grand Total: 323 creatures vanquished

Notes
Turn   | Place    | Note
-------+----------+-------------------------------------------
     0 | D:1      | Zeldest the Draconian Air Elementalist began the quest for
                  | the Orb.
     0 | D:1      | Reached XP level 1. HP: 14/14 MP: 3/3
   423 | D:1      | Found a faded altar of an unknown god.
   512 | D:1      | Reached XP level 2. HP: 20/20 MP: 3/5
  1113 | D:2      | Noticed Jessica
  1116 | D:2      | Killed Jessica
  1117 | D:2      | Reached skill level 4 in Air Magic
  1117 | D:2      | Reached XP level 3. HP: 23/26 MP: 3/6
  1340 | D:2      | Learned a level 2 spell: Static Discharge
  1344 | D:2      | Found a hide-covered altar of Uskayaw.
  1514 | D:2      | Reached XP level 4. HP: 33/33 MP: 3/8
  1644 | D:2      | Got the Vademecum on Ghoulish Battling
  2319 | D:2      | Noticed Natasha
  2325 | D:2      | Killed Natasha
  2531 | D:3      | Found a transporter.
  2572 | D:3      | Reached XP level 5. HP: 37/38 MP: 6/9
  2640 | D:3      | Found an iron altar of Okawaru.
  2640 | D:3      | Found a shadowy altar of Dithmenos.
  2653 | D:3      | Found a one-way gate to the infinite horrors of the Abyss.
  2653 | D:3      | Noticed greasedhog's ghost (amateur TrFi)
  2757 | D:3      | Noticed a toenail golem
  2773 | D:3      | Found a transporter.
  3021 | D:3      | Found a sacrificial altar of Ru.
  3022 | D:3      | Found a snail-covered altar of Cheibriados.
  3022 | D:3      | Found a basalt altar of Yredelemnul.
  3034 | D:3      | Became a worshipper of Yredelemnul the Dark
  3160 | D:3      | Reached skill level 5 in Air Magic
  3616 | D:4      | Noticed Sigmund
  3629 | D:4      | Reached skill level 1 in Invocations
  3635 | D:4      | Killed Sigmund
  3636 | D:4      | Reached XP level 6. HP: 23/45 MP: 1/11
  3643 | D:4      | Reached * piety under Yredelemnul
  3863 | D:4      | Found a broken altar of Ashenzari.
  3904 | D:4      | Reached skill level 6 in Air Magic
  4076 | D:4      | Reached ** piety under Yredelemnul
  4108 | D:4      | Your scales start taking on a pale cyan-grey colour.
  4108 | D:4      | Reached XP level 7. HP: 41/50 MP: 12/12
  4108 | D:4      | Gained mutation: You are immune to the effects of steam.
                  | [Pale Draconian growth]
  4186 | D:4      | Found a stormy altar of Qazlal.
  4206 | D:4      | Reached skill level 7 in Air Magic
  4668 | D:5      | Entered Level 5 of the Dungeon
  4907 | D:5      | Reached XP level 8. HP: 57/57 MP: 14/14
  5002 | D:5      | Reached skill level 8 in Air Magic
  5134 | D:5      | Found a staircase to the Ecumenical Temple.
  5205 | D:5      | Found Ibischemm's Jewellery Shoppe.
  5349 | D:5      | Found Ufiliommeps's Armour Boutique.
  5352 | D:5      | Bought a +1 hat for 132 gold pieces
  5945 | D:5      | Found Biucvuh's Book Shoppe.
  6145 | D:6      | Reached skill level 5 in Spellcasting
  6416 | D:6      | Reached skill level 9 in Air Magic
  6685 | D:6      | You fall into a shaft and drop 1 floor!
  6738 | D:7      | Reached skill level 5 in Invocations
  6758 | D:7      | Reached XP level 9. HP: 62/62 MP: 17/17
  7632 | D:7      | Reached skill level 10 in Air Magic
  8346 | D:8      | Noticed a komodo dragon
  8431 | D:8      | Reached skill level 11 in Air Magic
  8472 | D:8      | Killed a komodo dragon
  8473 | D:8      | Reached XP level 10. HP: 26/69 MP: 18/20
  8619 | D:8      | Found a staircase to the Lair.
  8738 | D:8      | Learned a level 5 spell: Lightning Bolt
  8829 | D:8      | Found a flagged portal.
  8859 | Bailey   | Entered a bailey
  8866 | Bailey   | Learned a level 3 spell: Swiftness
  8969 | Bailey   | Identified the amulet of Tuyczahi {Acrobat Dex+3}
  9261 | Bailey   | Reached skill level 12 in Air Magic
  9390 | Bailey   | Found an iron altar of Okawaru.
 10456 | D:9      | Noticed a two-headed ogre
 10470 | D:9      | Identified the +1 plate armour of Rummuest {-Tele rF+ Str+2
                  | Int+7}
 10486 | D:9      | Found a transporter.
 10742 | D:9      | Noticed Sobieck's ghost (journeyman KoEE)
 10757 | D:9      | Found a transporter.
 10834 | D:9      | Killed a two-headed ogre
 10858 | D:9      | Found a staircase to the Orcish Mines.
 10877 | Orc:1    | Entered Level 1 of the Orcish Mines
 11225 | D:5      | Bought a book of Lightning for 396 gold pieces
 11234 | D:5      | Learned a level 8 spell: Maxwell's Capacitive Coupling
 11311 | Lair:1   | Entered Level 1 of the Lair of Beasts
 11370 | Lair:1   | Reached skill level 13 in Air Magic
 11550 | Lair:1   | Reached *** piety under Yredelemnul
 11550 | Lair:1   | Reached XP level 11. HP: 50/74 MP: 22/22
 11558 | Lair:1   | Mangled by a yak

Illustrated notes

Levels and vault maps discovered:
D:1:      lightli_iron_boxes, layout_loops_ring, basic_ecumenical_altar
D:2:      layout_loops_ring, basic_altar, chequers_serial_rivers_small_3,
          uniq_natasha, uniq_jessica
D:3:      layout_loops_corners, chequers_temple_overflow_statue_of_worship,
          mainiacjoe_overflow_divided_tiny, gammafunk_ghost_abyssal_escape
D:4:      layout_cave_pools, kennysheep_mini_moat,
          ashenzari_conservatory_becter, roderic_serpentine_path,
          lightli_corner_chamber, uniq_sigmund
D:5:      layout_gridville, minmay_temple_entry_hall, serial_shops,
          kennysheep_mini, nicolae_shop_trees, shop, minmay_manual_mail
D:6:      layout_layer_cave
D:7:      layout_loops_ring, minmay_between
D:8:      layout_loops_corners, due_lair_maze_entry_diamond, enter_bailey_3
D:9:      layout_long_grid, nemelex_diamond_rough_becter, gammafunk_ghost_hive
Lair:1:   layout_big_grid, st_stairs_12, lemuel_old_faithful,
          infiniplex_staircase_pool
Orc:1:    layout_diamond_mine, serial_shops, nicolae_shop_trees, uniq_maurice

Skill      XL: |  1  2  3  4  5  6  7  8  9 10 11 |
---------------+----------------------------------+-----
Air Magic      | 4 5 6 7 9 11 13 | 13.3
Spellcasting   | 3 4 5 6 7 8 |  8.0
Conjurations   | 2 3 4 |  4.2
Invocations    | 1 2 3 5 6 8 |  8.6
Dodging        | |  1.7
Stealth        | |  1.7

Action                   |  1- 3 |  4- 6 |  7- 9 | 10-12 || total
-------------------------+-------+-------+-------+-------++-------
Melee: Unarmed           |     9 |       |       |       ||     9
       Tailslap          |     2 |    10 |    24 |    17 ||    53
       Punch             |     1 |     1 |     3 |     1 ||     6
       Staff             |     1 |       |       |       ||     1
       Short sword       |       |    64 |   206 |    93 ||   363
 Cast: Shock             |    47 |    48 |       |       ||    95
       Static Discharge  |     1 |       |       |     1 ||     2
       Lightning Bolt    |       |       |       |    10 ||    10
Invok: Recall Undead Har |       |       |     1 |       ||     1
 Abil: Breathe Steam     |       |       |    23 |    39 ||    62
Evoke: Wand              |       |       |       |     3 ||     3
 Stab: Sleeping          |     1 |     1 |     8 |       ||    10
Armor: Skin              |     8 |    27 |   114 |    38 ||   187
Dodge: Dodged            |    21 |    48 |   141 |    78 ||   288
